Unix NetHack Version 3.7.0-102 Work-in-progress - last build Apr 6 2024 13:22:21 (d302a6a9ff6341f1a922d8f5af178406b35fdf99,branch:master). Game began 2024-04-09 19:18:18, ended 2024-04-09 19:44:51. laycre, lawful female dwarven Valkyrie #*# # ------ ##########--------- |....------- --- #.................------ |.|.......^.------.--- |...#####---...........-- |.|-------...........---- |.|.....## ......----..-- |.| |......^......|.-- ---#-.#--#-..... ---...| --.| --.......---.....| *#....|.............| --.`| |.......| |.....| -#--.|.............| |...| |......- ------ |.|.............---.--- --..-- ---.....|..|...........| --.| --- .-- ........-----..........---- |.---.-- .@. ..%.%..--- |........-....| --- |......--- -.. .....|.....----............- .|..|----.....| |.. .... -----....|-......>..... ....<--- -....| |......- ----.|...|.................| --...| --.....| |.--.------.|......|....| ---.- --....| --- |....| --.-------.-- --. --...--..| --.-- ---.....| |..| |..|.-- |..| --- ---- Laycre the Fighter St:17 Dx:10 Co:18 In:11 Wi:7 Ch:10 Lawful Dlvl:8 $:327 HP:67(67) Pw:7(7) AC:10 Xp:6/561 T:3973 Satiated Latest messages: Your movements are slowed slightly because of your load. What do you want to eat? [efgKM or ?*] ? This floating eye corpse is tough. Your movements are now unencumbered. You finish eating the floating eye corpse. You feel a strange mental acuity. You hit the quivering blob! You hit the quivering blob! You kill the quivering blob! You materialize in a different location! You are carrying too much to get through. You hear crashing rock. You swap places with the peaceful gnome. You swap places with the peaceful gnome. You swap places with the peaceful gnome. A board beneath you squeaks a C note loudly. You swap places with the peaceful gnome lord. You see here a small glob of brown pudding. You hear crashing rock. You see here a pair of iron shoes. You step onto a polymorph trap! You feel a change coming over you. You turn into a male pyrolisk! Your armor falls around you! You can't even move a handspan with this load! You shrink out of your cloak! Your boots are pushed off your feet! You find you must drop your spear! Use the command #monster to gaze at monsters. You lack the energy to use your special gaze! Are you sure you want to pray? [yes|no] yes You begin praying to Tyr. You are surrounded by a shimmering light. You finish your prayer. You feel that Tyr is well-pleased. Your shape becomes uncertain. You return to dwarven form! Your movements are now unencumbered. a - an uncursed +1 dwarvish spear. s - an uncursed +0 pair of iron shoes. R - a pair of iron shoes. p - a very rotted +0 leather cloak. You have a little trouble lifting a +0 scale mail. Continue? [ynq] (q) q You have a little trouble lifting a +0 scale mail. Continue? [ynq] (q) q What do you want to zap? [wxY or ?*] , You don't have that object. What do you want to zap? [wxY or ?*] Never mind. Really quit? [yes|no] yes Do you want your possessions identified? [ynq] (y) q Inventory: Coins ('$') $ - 327 gold pieces Amulets ('"') i - a cursed amulet of change Weapons (')') E - 7 uncursed +0 darts Q - 4 uncursed +0 daggers (at the ready) a - an uncursed +1 dwarvish spear v - an uncursed +0 long sword y - an uncursed +0 lucern hammer Armor ('[') s - an uncursed +0 pair of iron shoes R - an uncursed +0 pair of iron shoes p - an uncursed very rotted +0 leather cloak Comestibles ('%') K - an uncursed clove of garlic f - an uncursed cream pie e - an uncursed egg g - an uncursed lichen corpse Scrolls ('?') b - an uncursed scroll of amnesia n - an uncursed scroll of charging S - an uncursed scroll of create monster B - an uncursed scroll of enchant armor V - an uncursed scroll of magic mapping r - 2 uncursed scrolls of teleportation Potions ('!') o - an uncursed potion of acid H - a blessed potion of fruit juice l - 2 uncursed potions of healing Z - an uncursed potion of water Rings ('=') j - an uncursed ring of poison resistance Wands ('/') w - an uncursed wand of probing (0:8) x - an uncursed wand of striking (0:2) Y - an uncursed wand of teleportation (0:4) Tools ('(') k - an uncursed credit card I - an uncursed leash P - an uncursed magic whistle T - an uncursed mirror F - an uncursed skeleton key G - an uncursed tallow candle Gems/Stones ('*') N - an uncursed agate stone z - an uncursed diamond D - 2 uncursed dilithium crystals L - an uncursed garnet stone C - a cursed jacinth stone W - an uncursed opal O - 2 uncursed worthless pieces of blue glass U - an uncursed worthless piece of orange glass A - an uncursed worthless piece of violet glass u - 2 uncursed worthless pieces of white glass J - 2 uncursed worthless pieces of yellowish brown glass h - 6 uncursed flint stones d - an uncursed luckstone Laycre the Valkyrie's attributes: Background: You were a Fighter, a level 6 dwarven Valkyrie. You were lawful, on a mission for Tyr who was opposed by Odin (neutral) and Loki (chaotic). You were left-handed. You were in the Gnomish Mines, on level 8. You entered the dungeon 3973 turns ago. There was a new moon in effect when your adventure ended. You had 561 experience points, 79 more were needed to attain level 7. Basics: You had all 67 hit points. You had all 7 energy points (spell power). Your armor class was 10. Your wallet contained 327 zorkmids. Autopickup was on for '$=/!?"' plus thrown, with exceptions. Final Characteristics: Your strength was 17 (limit:18/100). Your dexterity was 10 (peak:14, limit:20). Your constitution was 18 (limit:20). Your intelligence was 11 (limit:16). Your wisdom was 7 (limit:16). Your charisma was 10 (limit:16). Final Status: You were satiated. You were unencumbered. You were bare handed. You were unskilled in bare handed combat. You weren't wearing any armor. Final Attributes: You were piously aligned. You were cold resistant. You were telepathic. You had infravision. You were stealthy. You were lucky. You had extra luck. Bad luck did not time out for you. Good luck did not time out for you. You survived. Miscellaneous: You never encountered a bones level. Total elapsed playing time was 26 minutes and 32 seconds. Major events: Turn 1: laycre the lawful dwarven Valkyrie entered the dungeon 780: entered the Gnomish Mines 803: attained the rank of Skirmisher (level 3) 1481: reached Mine Town 3321: attained the rank of Fighter (level 6) 3973: quit Vanquished creatures: a large mimic a quivering blob a wolf a leprechaun a gnome ruler 3 brown puddings a yeti a gold golem a housecat a rope golem a bugbear a quasit 2 yellow lights a shrieker 4 gnome leaders 2 gnomish wizards 2 giant ants 3 little dogs a floating eye 2 dwarves 2 giant bats 2 dwarf zombies an iguana a killer bee a coyote 2 hobbits a large kobold 2 cave spiders a brown mold a green mold 24 gnomes a gnome zombie 7 jackals 2 kobolds 2 goblins 4 sewer rats 6 grid bugs 5 lichens 3 newts 99 creatures vanquished. No species were genocided or became extinct. Voluntary challenges: You read items or engraved 3 times. You never engraved Elbereth. You never genocided any monsters. You never polymorphed an object. You used no wishes. Achievements: You entered the Gnomish Mines. You attained the rank of Skirmisher. You entered Minetown. You entered a temple. You entered a shop. You attained the rank of Fighter. The Dungeons of Doom: levels 1 to 3 Level 1: A fountain. Level 2: "vault" Some fountains. Level 3: Stairs down to The Gnomish Mines. The Gnomish Mines: levels 4 to 8 Level 4: Level 5: Level 6: Level 7: A temple and an altar to Tyr, some fountains. Level 8: <- You were here. Farvel laycre the Valkyrie... You quit in The Gnomish Mines on dungeon level 8 with 2921 points, and 327 pieces of gold, after 3973 moves. You were level 6 with a maximum of 67 hit points when you quit.